 Dungeon Crawl Stone Soup version 0.20-a0-11-ga97c7b5 (webtiles) character file.

266 JustSomeDude the Shield-Bearer (level 6, -3/47 HPs)
             Began as a Demonspawn Fighter on Nov 2, 2016.
             Was a Follower of Qazlal.
             Slain by an ogre
             ... wielding a +0 giant spiked club
              (14 damage)
             ... on level 4 of the Dungeon.
             The game lasted 00:07:22 (2177 turns).

JustSomeDude the Shield-Bearer (Demonspawn Fighter) Turns: 2177, Time: 00:07:22

Health: -3/47      AC: 14    Str: 23    XL:     6   Next: 0%
Magic:  6/6        EV: 13    Int: 10    God:    Qazlal [*.....]
Gold:   143        SH: 12    Dex: 17    Spells: 0 memorised, 5 levels left

rFire  . . .     SeeInvis .     a - +0 trident
rCold  . . .     Gourm    .     b - +0 scale mail
rNeg   . . .     Faith    .     c - +0 shield
rPois  .         Spirit   .     m - +0 helmet (curse)
rElec  .         Reflect  .     (no cloak)
rCorr  .         Harm     .     (no gloves)
MR     .....                    (no boots)
Stlth  +.........               (no amulet)
                                (no ring)
                                (no ring)

@: mighty, agile, very slightly contaminated, hasted, very quick
A: iridescent scales 3
a: Renounce Religion


You were on level 4 of the Dungeon.
You worshipped Qazlal.
Qazlal was aware of your devotion.
You were near starving.

You visited 1 branch of the dungeon, and saw 4 of its levels.

You collected 143 gold pieces.

Inventory:

Hand Weapons
 a - a +0 trident (weapon)
Missiles
 e - 6 tomahawks (quivered)
Armour
 b - a +0 scale mail (worn)
 c - a +0 shield (worn)
 m - a cursed +0 helmet (worn)
 w - a +0 chain mail
 x - a +0 pair of gloves
Jewellery
 n - a cursed ring of teleportation {unknown}
 o - an uncursed ring of stealth {unknown}
 p - an uncursed ring of protection from fire {unknown}
Wands
 s - a wand of polymorph (5/24)
Scrolls
 g - a scroll of magic mapping
 h - 2 scrolls of identify {unknown}
 j - 2 scrolls of remove curse {unknown}
 k - a scroll of recharging {unknown}
 q - 2 scrolls of enchant armour {unknown}
 t - a scroll of fog {unknown}
 y - a scroll of teleportation {unknown}
Comestibles
 f - 3 bread rations
 l - 3 meat rations
 r - 5 fruits
 v - a beef jerky
 z - 10 chunks of flesh


   Skills:
 + Level 3.6 Fighting
 + Level 3.7 Polearms
 + Level 3.5 Armour
 + Level 1.0 Dodging
 + Level 0.2 Stealth
 + Level 3.8 Shields


You had 5 spell levels left.
You didn't know any spells.

Dungeon Overview and Level Annotations

Branches:
Dungeon (4/15)
 Temple: D:4-7

Altars:
Qazlal


Innate Abilities, Weirdness & Mutations

You are completely covered in iridescent scales. (AC +6)


Message History

You are near starving!
You puncture the human zombie!
The human zombie is moderately damaged.
You block the wolf's attack.
The orc shouts!
You puncture the human zombie!
The human zombie is heavily damaged.
You block the wolf's attack. You block the human zombie's attack.
The ogre barely misses you. The orc barely misses you.
You puncture the human zombie!
The human zombie is almost destroyed.
You block the wolf's attack. You block the orc's attack.
The human zombie hits you.
* * * LOW HITPOINT WARNING * * *
An adder comes into view.
You puncture the human zombie!
The human zombie is almost destroyed.
You block the wolf's attack. You block the orc's attack.
The ogre hits you with a giant spiked club!
You die...

*,,,,,*,,********* *,,,,,,,,,
*,,,,,*,,*,+,*∩+,* *,,,<,,,,,
*,,,***,,***+*+*** *******,,,
*,,,****+*,+,,,+,* *,,,
,,,,,,,,,***,,,### *,,,
,,,,,,,,,*,+,,,+.# *,,,
,,,,,,,,,***+*+#.# *,,,
*,,,,,,,,*,+,*,#Z# *..,
********########@#############..,
,,,,,,,,.S.o.ooohO..............,
,,,,,,,,o.....o.§................
,,,,,,,,.........................
,,,,,,,,........!................
,,,,,,,,#+#......................
****+****,####+#########.........
,,,,,,**,,,**,,,,* #.........
,,,,,,*,,,,,*,,,,* #.........


You could see an ogre, a wolf, an adder, 5 orcs and a human zombie.

Vanquished Creatures
  A scorpion (D:4)
  A crimson imp (D:3)
  3 worker ants
  2 adders
  3 gnolls (D:4)
  An ooze (D:4)
  A worm (D:3)
  4 leopard geckos
  4 orcs (D:3)
  2 giant cockroaches (D:1)
  4 hobgoblins
  3 jackals (D:4)
  A quokka (D:3)
  7 bats
  3 frilled lizards
  4 goblins
  7 kobolds
  5 rats
56 creatures vanquished.

Notes
Turn   | Place    | Note
-------+----------+-------------------------------------------
     0 | D:1      | JustSomeDude the Demonspawn Fighter began the quest for the Orb.
     0 | D:1      | Reached XP level 1. HP: 18/18 MP: 1/1
    99 | D:1      | Gained mutation: You are partially covered in iridescent scales. (AC +2) [demonic ancestry]
    99 | D:1      | Reached XP level 2. HP: 24/24 MP: 2/2
   827 | D:2      | Reached XP level 3. HP: 28/29 MP: 3/3
   904 | D:2      | Found a stormy altar of Qazlal.
  1117 | D:2      | Became a worshipper of Qazlal Stormbringer
  1463 | D:3      | Gained mutation: You are mostly covered in iridescent scales. (AC +4) [demonic ancestry]
  1463 | D:3      | Reached XP level 4. HP: 20/35 MP: 4/4
  1573 | D:3      | Reached * piety under Qazlal
  1880 | D:4      | Gained mutation: You are completely covered in iridescent scales. (AC +6) [demonic ancestry]
  1880 | D:4      | Reached XP level 5. HP: 36/41 MP: 5/5
  1967 | D:4      | Reached skill level 1 in Dodging
  2143 | D:4      | Reached XP level 6. HP: 15/47 MP: 6/6
  2177 | D:4      | Slain by an ogre

Vault maps used:
D:1:      dpeg_arrival_houses_and_road
D:2:      nicolae_qazlal_eye_of_the_storm
D:3:      first_bread
D:4:      grunt_temple_overflow_lords_of_destruction,
          nicolae_ossuary_entry_catacombs, serial_shops, shop, roderic_lattice_a

Skill      XL: |  1  2  3  4  5 |
---------------+----------------+-----
Polearms       | 2 3 |  3.7
Shields        | 3 |  3.8
Armour         | 3 |  3.5
Dodging        | 1 |  1.0
Fighting       | |  3.6
Stealth        | |  0.2

Action                   |  1- 3 |  4- 6 || total
-------------------------+-------+-------++-------
Melee: Trident           |   127 |   123 ||   250
Evoke: Wand              |       |     1 ||     1
  Use: Potion            |       |     5 ||     5
       Scroll            |       |     1 ||     1
  Eat: Chunk             |     2 |     1 ||     3
Armor: Scale mail        |    52 |    67 ||   119
       Skin              |       |     1 ||     1
Dodge: Dodged            |    28 |    50 ||    78
Block: Shield            |    56 |    84 ||   140
